 Dungeon Crawl Stone Soup version 0.28.0-43-g3370ac3207 (webtiles) character file.

Game seed: 5078264938437499859

95 Ablot the Grasshopper (level 4, -3/38 HPs)
             Began as a Gnoll Warper on Mar 21, 2022.
             Killed from afar by Sigmund (6 damage)
             ... with a magic dart
             ... on level 3 of the Dungeon.
             The game lasted 00:02:32 (3091 turns).

Ablot the Grasshopper (Gnoll Warper)                Turns: 3091, Time: 00:02:33

Health: -3/38      AC:  6    Str: 13    XL:     4   Next: 65%
Magic:  11/11      EV: 12    Int: 12    God:
Gold:   69         SH:  0    Dex: 11    Spells: 11/13 levels left

rFire   . . .      SeeInvis .   a - +0 trident
rCold   . . .      Faith    .   (no shield)
rNeg    . . .      Spirit   .   b - +0 leather armour
rPois   .          Reflect  .   p - +2 helmet
rElec   .          Harm     .   (no cloak)
rCorr   .          Rampage  .   (no gloves)
Will    .....                   (no boots)
Stlth   +.........              (no amulet)
HPRegen 0.12/turn               (no ring)
MPRegen 0.12/turn               (no ring)

@: no status effects
A: fangs 1, strong nose, distributed training
a: no special abilities


You were on level 3 of the Dungeon.
You visited 1 branch of the dungeon, and saw 3 of its levels.

You collected 69 gold pieces.

Inventory:

Hand Weapons
 a - a +0 trident (weapon)
Missiles
 d - 5 boomerangs of dispersal
 f - 41 stones (quivered)
 n - 10 sling bullets
Armour
 b - a +0 leather armour (worn)
 p - a +2 helmet (worn)
Jewellery
 i - an amulet of faith
Scrolls
 c - a scroll of blinking
 e - 2 scrolls of teleportation {unknown}
 m - 2 scrolls of identify {unknown}
 r - a scroll of fog {unknown}
 t - a scroll of vulnerability {unknown}
 u - a scroll of fear {unknown}
Potions
 g - a potion of haste {unknown}
 h - a potion of ambrosia {unknown}
 j - 2 potions of berserk rage {unknown}
 k - a potion of brilliance {unknown}
 l - a potion of mutation {unknown}
 o - a potion of lignification {unknown}
 q - a potion of flight {unknown}
 s - a potion of curing {unknown}


   Skills:
 + Level 4.6 Fighting
 + Level 1.2 Short Blades
 + Level 1.2 Long Blades
 + Level 1.2 Axes
 + Level 1.2 Maces & Flails
 + Level 4.6 Polearms
 + Level 1.2 Staves
 + Level 1.2 Slings
 + Level 1.2 Bows
 + Level 1.2 Crossbows
 + Level 2.8 Throwing
 + Level 2.8 Armour
 + Level 4.6 Dodging
 + Level 1.2 Stealth
 + Level 1.2 Shields
 + Level 1.2 Unarmed Combat
 + Level 5.1 Spellcasting
 + Level 1.0 Conjurations
 + Level 1.0 Hexes
 + Level 1.0 Summonings
 + Level 1.0 Necromancy
 + Level 5.5 Translocations
 + Level 1.0 Transmutations
 + Level 1.0 Fire Magic
 + Level 1.0 Ice Magic
 + Level 1.0 Air Magic
 + Level 1.0 Earth Magic
 + Level 1.0 Poison Magic
 + Level 1.3 Invocations
 + Level 1.2 Evocations


You had 11 spell levels left.
You knew the following spells:

 Your Spells              Type           Power      Damage    Failure   Level
a - Blink                 Tloc           32%        N/A       4%          2

Your spell library contained the following spells:

 Spells                   Type           Power      Damage    Failure   Level
 Gell's Gravitas          Tloc           16%        N/A       8%          3
 Lesser Beckoning         Tloc           16%        N/A       8%          3
 Teleport Other           Tloc           16%        N/A       8%          3
 Manifold Assault         Tloc           16%        N/A       58%         5


Dungeon Overview and Level Annotations

Branches:
Dungeon (3/15)

Altars:

Annotations:
D:3 Sigmund


Innate Abilities, Weirdness & Mutations

You have very sharp teeth.
Your uncanny sense of smell can sniff out nearby items.
Your experience applies equally to all skills.


Message History

Unknown command.
Reach: a) +0 trident
Press: ? - help, Dir - move target, f/p - Sigmund
Aim: Sigmund, wielding a +0 scythe and wearing a +0 robe (severely wounded, about 45% to evade your +0 trident)
You reach to attack!
You closely miss Sigmund.
Sigmund is severely wounded.
Sigmund barely misses you.
Reach: a) +0 trident
Press: ? - help, Dir - move target, f/p - Sigmund
Aim: Sigmund, wielding a +0 scythe and wearing a +0 robe (severely wounded, about 45% to evade your +0 trident)
You reach to attack!
You hit Sigmund but do no damage.
Sigmund is severely wounded.
Sigmund hits you from afar with a +0 scythe!
* * * LOW HITPOINT WARNING * * *
Reach: a) +0 trident
Press: ? - help, Dir - move target, f/p - Sigmund
Aim: Sigmund, wielding a +0 scythe and wearing a +0 robe (severely wounded, about 45% to evade your +0 trident)
You reach to attack!
You closely miss Sigmund.
Sigmund is severely wounded.
Unknown command.
Reach: a) +0 trident
Press: ? - help, Dir - move target, f/p - Sigmund
Aim: Sigmund, wielding a +0 scythe and wearing a +0 robe (severely wounded, about 45% to evade your +0 trident)
You reach to attack!
You barely miss Sigmund.
Sigmund is severely wounded.
Sigmund barely misses you.
Reach: a) +0 trident
Press: ? - help, Dir - move target, f/p - Sigmund
Aim: Sigmund, wielding a +0 scythe and wearing a +0 robe (severely wounded, about 45% to evade your +0 trident)
You reach to attack!
You closely miss Sigmund.
Sigmund is severely wounded.
Sigmund casts a spell.
Sigmund flickers and vanishes!
Deactivating autopickup; reactivate with Ctrl-A.
Unknown command.
Something hits you but does no damage.
There is an escape hatch in the ceiling here.
A magic dart appears from out of thin air!
The magic dart hits you.
You die...

#.......#####.#
#.......#.....#
#.............♣
#.......#.#.#..♣
.##.......#.#.#..
..............#
##...........###
###...........#
#..@......###
####......#
#{###### #.# #(#
#(# #(# ..# ##


There were no monsters in sight!

Vanquished Creatures
  An orc wizard (D:2)
  2 adders
  2 orcs (D:3)
  2 ball pythons
  5 endoplasms
  6 goblins
  6 hobgoblins
  6 quokkas
  4 bats
  2 frilled lizards (D:1)
  6 kobolds
  5 rats
47 creatures vanquished.

Notes
Turn   | Place    | Note
-------+----------+-------------------------------------------
     0 | D:1      | Ablot the Gnoll Warper began the quest for the Orb.
     0 | D:1      | Reached XP level 1. HP: 20/20 MP: 6/6
   314 | D:1      | Reached XP level 2. HP: 26/26 MP: 7/7
   317 | D:1      | Learned a level 2 spell: Blink
   829 | D:1      | Reached XP level 3. HP: 18/31 MP: 9/9
  1106 | D:1      | Reached skill level 5 in Spellcasting
  2147 | D:2      | Reached skill level 1 in Invocations
  2166 | D:2      | Found a faded altar of an unknown god.
  2782 | D:2      | Reached skill level 1 in Short Blades
  2782 | D:2      | Reached skill level 1 in Long Blades
  2782 | D:2      | Reached skill level 1 in Axes
  2782 | D:2      | Reached skill level 1 in Maces & Flails
  2782 | D:2      | Reached skill level 1 in Staves
  2782 | D:2      | Reached skill level 1 in Slings
  2782 | D:2      | Reached skill level 1 in Bows
  2782 | D:2      | Reached skill level 1 in Crossbows
  2782 | D:2      | Reached skill level 1 in Stealth
  2782 | D:2      | Reached skill level 1 in Shields
  2782 | D:2      | Reached skill level 1 in Unarmed Combat
  2782 | D:2      | Reached skill level 1 in Evocations
  2782 | D:2      | Reached XP level 4. HP: 32/38 MP: 11/11
  2937 | D:3      | Reached skill level 1 in Conjurations
  2937 | D:3      | Reached skill level 1 in Hexes
  2937 | D:3      | Reached skill level 1 in Summonings
  2937 | D:3      | Reached skill level 1 in Necromancy
  2937 | D:3      | Reached skill level 1 in Transmutations
  2937 | D:3      | Reached skill level 1 in Fire Magic
  2937 | D:3      | Reached skill level 1 in Ice Magic
  2937 | D:3      | Reached skill level 1 in Air Magic
  2937 | D:3      | Reached skill level 1 in Earth Magic
  2937 | D:3      | Reached skill level 1 in Poison Magic
  3069 | D:3      | Noticed Sigmund
  3091 | D:3      | Killed from afar by Sigmund

Illustrated notes

Levels and vault maps discovered:
D:1:      dpeg_arrival_renting, layout_basic, grunt_decor_fettered
D:2:      layout_basic, hellmonk_ecumenical_altar_lost_god
D:3:      layout_loops_ring, lemuel_round_altar, fedhas_altar_4, serial_shops,
          shop, uniq_sigmund

Skill      XL: |  1  2  3  4 |
---------------+-------------+-----
Spellcasting   | 5 |  5.1
Invocations    | 1 |  1.3
Short Blades   | 1 |  1.2
Long Blades    | 1 |  1.2
Axes           | 1 |  1.2
Maces & Flails | 1 |  1.2
Staves         | 1 |  1.2
Slings         | 1 |  1.2
Bows           | 1 |  1.2
Crossbows      | 1 |  1.2
Stealth        | 1 |  1.2
Shields        | 1 |  1.2
Unarmed Combat | 1 |  1.2
Evocations     | 1 |  1.2
Conjurations   | 1 |  1.0
Hexes          | 1 |  1.0
Summonings     | 1 |  1.0
Necromancy     | 1 |  1.0
Transmutations | 1 |  1.0
Fire Magic     | 1 |  1.0
Ice Magic      | 1 |  1.0
Air Magic      | 1 |  1.0
Earth Magic    | 1 |  1.0
Poison Magic   | 1 |  1.0
Fighting       | |  4.6
Polearms       | |  4.6
Throwing       | |  2.8
Armour         | |  2.8
Dodging        | |  4.6
Translocations | |  5.5

Action                   |  1- 3 |  4- 6 || total
-------------------------+-------+-------++-------
Melee: Spear             |   101 |       ||   101
       Punch             |     2 |       ||     2
       Bite              |    11 |     4 ||    15
       Trident           |    35 |    49 ||    84
Throw: Javelin           |     2 |       ||     2
       Stone             |       |     5 ||     5
 Stab: Sleeping          |     3 |       ||     3
Armor: Leather armour    |    24 |    11 ||    35
Dodge: Dodged            |    61 |    18 ||    79
